 Dungeon Crawl Stone Soup version 0.30-a0-715-gdb4ae3ece1 (webtiles) character file.

Game seed: 15186089644937842201

20937 Shayle the Nimble (level 12, -10/81 (92) HPs)
             Began as a Demonspawn Reaver on Jan 24, 2023.
             Was a Believer of Ashenzari.
             Mangled by a fire crab (14 damage)
             ... on level 3 of the Lair of Beasts.
             The game lasted 00:40:15 (14258 turns).

Shayle the Nimble (Demonspawn Reaver)              Turns: 14258, Time: 00:40:16

HP:   -10/81 (92)   AC: 22    Str: 13    XL:     12   Next: 49%
MP:   16/16         EV: 13    Int: 18    God:    Ashenzari [**....]
Gold: 791           SH:  8    Dex: 13    Spells: 6/17 levels left

rFire   . . .      SeeInvis +    F - +2 morningstar (protect)
rCold   + . .      Faith    .    k - +0 buckler
rNeg    . . .      Spirit   .    L - +0 swamp dragon scales
rPois   +          Reflect  +    (helmet restricted)
rElec   .          Harm     .    u - +2 cloak "Unveiling Portent" {rPois, Alch, Comp} (curse)
rCorr   .          Rampage  .    j - +2 pair of gloves of Ashenzari's Moon {Elem, Bglg} (curse)
Will    .....                    O - +1 pair of boots "Qerul" {Slay+2}
Stlth   +                        p - amulet of reflection
HPRegen 0.33/turn                z - ring "I Knew You'd Do That" {rC+, Elem, Comp} (curse)
MPRegen 0.15/turn                H - ring of wizardry

@: under a protective aura, heavily drained
A: horns 2, demonic guardian 3, spiny 1, weakness stinger 1, demonic touch 1
a: Renounce Religion, Curse Item, Shatter the Chains


You were on level 3 of the Lair of Beasts.
You worshipped Ashenzari.
Ashenzari was pleased with you.
You visited 3 branches of the dungeon, and saw 15 of its levels.
You also visited: Sewer and Ossuary.

You collected 791 gold pieces.

Inventory:

Hand Weapons
 d - a +0 vampiric rapier
 g - a +2 vampiric dagger
 w - a +4 halberd of freezing
 F - a +2 morningstar of protection (weapon)
 K - a +0 scimitar of flaming
Missiles
 a - 2 throwing nets
 m - 36 poisoned darts (quivered)
Armour
 j - the cursed +2 pair of gloves of Ashenzari's Moon (worn) {Elem, Bglg}
   (You found it on level 1 of the Dungeon)

   It has a curse which improves the following skills: Elements: Fire Magic, Ice
   Magic, Air Magic and Earth Magic.
   Beguiling: Conjurations, Hexes and Translocations.
 k - a +0 buckler (worn)
 r - a +0 helmet
 u - the cursed +2 cloak "Unveiling Portent" (worn) {rPois, Alch, Comp}
   (You took it off Crazy Yiuf on level 5 of the Dungeon)

   It has a curse which improves the following skills: Alchemy: Poison Magic and
   Transmutations.
   Companions: Summonings and Necromancy.
 B - the +2 robe of Qiulibah {Rampage}
   (You found it on level 3 of the Dungeon)

   Rampage:   It bestows one free step when moving towards enemies.
 L - +0 swamp dragon scales (worn)
 O - the +1 pair of boots "Qerul" (worn) {Slay+2}
   (You found it on level 8 of the Dungeon)

   Slay:      It affects your accuracy & damage with ranged weapons and melee
   (+2).
 R - a +2 pair of gloves
 Y - a +2 cloak of willpower
Jewellery
 p - an amulet of reflection (around neck)
 z - the cursed ring "I Knew You'd Do That" (left hand) {rC+, Elem, Comp}
   (You took it off a kobold on level 3 of the Dungeon)

   [ring of protection from cold]

   rC:        It protects you from cold.
   It has a curse which improves the following skills: Elements: Fire Magic, Ice
   Magic, Air Magic and Earth Magic.
   Companions: Summonings and Necromancy.
 E - the amulet "Vihibel" {Spirit Drain rElec rC+ Str+3}
   (You found it on level 5 of the Dungeon)

   [amulet of guardian spirit]

   It causes incoming damage to be divided between your reserves of health and
   magic.
   Str:       It affects your strength (+3).
   rC:        It protects you from cold.
   rElec:     It insulates you from electricity.
   Drain:     It drains your maximum health when unequipped.
 H - a ring of wizardry (right hand)
 T - a +6 ring of intelligence
 V - a ring of protection from fire
 W - a +6 ring of intelligence
Wands
 G - a wand of paralysis (4)
 N - a wand of mindburst (13)
 Q - a wand of flame (11)
Scrolls
 b - a scroll of enchant weapon
 s - a scroll of fear
 v - 3 scrolls of amnesia
 y - a scroll of poison
 A - a scroll of blinking
 C - a scroll of vulnerability
 J - a scroll of brand weapon
 P - 3 scrolls of fog
 X - 9 scrolls of teleportation
Potions
 c - 3 potions of magic
 f - 2 potions of haste
 h - 12 potions of curing
 i - 3 potions of might
 n - 3 potions of invisibility
 o - 4 potions of heal wounds
 q - 2 potions of flight
 x - 3 potions of attraction
 D - 3 potions of lignification
 I - 2 potions of brilliance
 U - 2 potions of cancellation
Miscellaneous
 S - a condenser vane


   Skills:
 + Level 7.8 Fighting
 - Level 4.5(7.0) Polearms
 * Level 8.3(8.9) Staves
 + Level 8.4 Dodging
 + Level 3.3 Spellcasting
 - Level 3.0(4.1) Conjurations
 - Level 6.7(8.0) Hexes
 + Level 7.7(9.6) Necromancy
 + Level 6.3(7.5) Transmutations
 + Level 3.5(5.2) Fire Magic
 - Level 4.1(5.9) Air Magic
 + Level 3.7(5.4) Earth Magic
 - Level 3.9(5.1) Poison Magic


You had 6 spell levels left.
You knew the following spells:

 Your Spells              Type           Power      Damage    Failure   Level
a - Kiss of Death         Conj/Necr      100%       2d13      1%          1
b - Hailstorm             Conj/Ice       10%        3d5       24%         3
c - Sticky Flame          Conj/Fire      19%        2d4       26%         4
d - Kindle Blastsparks    Fire/Tloc/Air  32%        2d12      12%         3

Your spell library contained the following spells:

 Spells                   Type           Power      Damage    Failure   Level
 Inner Flame              Hex/Fire       27%        N/A       3%          3
 Momentum Strike          Conj/Tloc      20%        3d8       12%         2
 Fulminant Prism          Conj/Hex       12%        3d8       16%         4
 Flame Wave               Conj/Fire      19%        2d7       26%         4
 Ozocubu's Armour         Ice            3%         N/A       45%         3
 Lee's Rapid Deconstruct  Erth           11%        3d8*      45%         5
 Iskenderun's Mystic Bla  Conj/Tloc      10%        2d4       58%         4
 Metabolic Englaciation   Hex/Ice        8%         N/A       65%         5
 Simulacrum               Ice/Necr       10%        N/A       97%         6


Dungeon Overview and Level Annotations

Branches:
Dungeon (11/15)            Temple (1/1) D:5            Lair (3/5) D:10
  Swamp (0/4) Lair:2       Spider (0/4) Lair:3        Sewer (visited)
Ossuary (visited)
    Orc: D:9-12

Altars:
Ashenzari
Cheibriados
Dithmenos
Fedhas
Gozag
Hepliaklqana
Makhleb
Nemelex Xobeh
Okawaru
Qazlal
Ru
Sif Muna
Trog
Uskayaw
Vehumet
Wu Jian
Xom
Yredelemnul
Jiyva

Shops:
D:3 (:(   D:4 (   D:6 :   D:8 *   D:9 *[

Annotations:
Temple 2 transporters


Innate Abilities, Weirdness & Mutations

You have a pair of horns on your head.
A powerful demonic guardian rushes to your aid.
You are partially covered in sharp spines.
You have a small tail.
Your touch may inflict minor irresistible damage on your foes.


Message History

The yak dies!
A freezing mist starts to gather...
A yak simulacrum comes into view.
Blink to where?
Press: ? - help, Dir - move target
As you read the scroll of blinking, it crumbles to dust.
The yak simulacrum moves out of view.
As you read the scroll of teleportation, it crumbles to dust.
You feel strangely unstable.
Your surroundings suddenly seem different.
A tarantella comes into view.
Found a scroll of identify and a +0 ring mail.
The tarantella's many legs skitter faintly.
Found 23 gold pieces.
Aiming: Polymorph
Press: ? - help, Shift-Dir - straight line, f - tarantella
Aim: a tarantella (will become a yak, an ogre, or a fire crab, chance to affect: 49%)
The tarantella evaporates and reforms as a fire crab!
The now-empty wand crumbles to dust.
You puncture the fire crab!
Your weapon exudes an aura of protection.
The fire crab is moderately wounded.
The fire crab breathes flames at you. The blast of flame engulfs you.
You block the fire crab's attack. The fire crab misses you.
You sock the fire crab!
Your tail-slap misses the fire crab.
The fire crab is heavily wounded.
You are engulfed in blazing flames.
* * * LOW HITPOINT WARNING * * *
The fire crab is struck by your spines. The fire crab barely misses you.
You block the fire crab's attack.
You barely miss the fire crab.
You tail-slap the fire crab, but do no damage.
The fire crab is heavily wounded.
You are engulfed in blazing flames.
* * * LOW HITPOINT WARNING * * *
A demonic guardian appears!
The fire crab bites you.
* * * LOW HITPOINT WARNING * * *
You are engulfed in flames!
You die...

#...#....... .. ##
#.......... ....#
#..#..#...##....#
#..#..#...#.....# ##
#.......?#.....P .#*
.##.........#..# ...#*
##.##...###......*
............[.t#°°°#.#.
......$........#@°...#,*
...............t°°.#...#
..###..###.....°..2...##
### #.........##.#
##...##.###* # #...#####
* ##..* #..* *..


You could see a fire crab (ally target) and a friendly cacodemon (summoned).

Vanquished Creatures
  A hydra (Lair:2)
  2 death yaks
  Pikel (D:6)
  Maurice (D:10)
  A gargoyle (D:10)
  3 cane toads
  2 komodo dragons
  A troll (D:10)
  A polar bear (Lair:1)
  2 hornets
  4 blink frogs
  A slime creature (D:10)
  Sigmund (D:6)
  A wraith (D:11)
  5 wyverns
  23 yaks
  Eustachio (D:5)
  Menkaure (D:5)
  5 water moccasins
  Pargi (Sewer)
  2 orc warriors
  2 black bears
  2 ice beasts (D:3)
  2 ogres
  A centaur (D:10)
  6 wolves (Lair:1)
  A phantom (D:4)
  7 bullfrogs
  2 necrophages
  2 scorpions
  3 killer bees
  6 howler monkeys
  A centaur zombie (Ossuary)
  3 jellies (D:10)
  2 hounds (D:4)
  3 orc priests
  2 human zombies (Ossuary)
  3 iguanas
  8 orc wizards
  Natasha (thrice) (D:4)
  4 hell rats (D:10)
  4 hound zombies (Ossuary)
  3 mummies (Ossuary)
  Robin (D:4)
  7 adders
  6 gnolls
  2 river rats
  A white imp (D:6)
  2 ufetubi (D:5)
  2 adder zombies (Ossuary)
  4 worms
  A dart slug (D:3)
  24 orcs
  7 endoplasms
  5 giant cockroaches
  12 goblins
  14 hobgoblins
  3 jackals (D:1)
  2 quokkas
  10 ball pythons
  8 bats
  5 frilled lizards
  3 gnoll zombies (Ossuary)
  5 goblin zombies (Ossuary)
  2 hobgoblin zombies (Ossuary)
  5 jackal zombies (Ossuary)
  12 kobolds
  A kobold zombie (Ossuary)
  2 orc zombies (Ossuary)
  2 quokka zombies (Ossuary)
  4 rats
  6 rat zombies (Ossuary)
288 creatures vanquished.

Vanquished Creatures (collateral kills)
  A death yak (D:9)
  A pharaoh ant (Lair:3)
  Maggie (D:6)
  A cane toad (Lair:2)
  A rime drake (Lair:2)
  7 yaks
  A wyvern (Lair:1)
  A wraith (D:5)
  A redback (Lair:3)
  Crazy Yiuf (D:5)
  2 gnolls
  A white imp (D:5)
  3 goblins (D:4)
  A rat (D:2)
23 creatures vanquished.

Vanquished Creatures (others)
  10 fungi
  14 plants
24 creatures vanquished.

Grand Total: 335 creatures vanquished

Notes
Turn   | Place    | Note
-------+----------+-------------------------------------------
     0 | D:1      | Shayle the Demonspawn Reaver began the quest for the Orb.
     0 | D:1      | Reached XP level 1. HP: 16/16 MP: 3/3
    50 | D:1      | Discovered your monstrous ancestry.
    50 | D:1      | Gained mutation: You have a small tail. [demonic ancestry]
    50 | D:1      | Reached XP level 2. HP: 7/22 MP: 5/5
   673 | D:1      | Reached skill level 1 in Hexes
  1023 | D:2      | Gained mutation: A weak demonic guardian rushes to your
                  | aid. [demonic ancestry]
  1023 | D:2      | Reached XP level 3. HP: 25/28 MP: 6/6
  1393 | D:3      | Noticed an ice beast
  1412 | D:3      | Killed an ice beast
  1413 | D:3      | Reached XP level 4. HP: 6/35 MP: 5/7
  1661 | D:3      | Gained mutation: You are partially covered in sharp spines.
                  | [demonic ancestry]
  1661 | D:3      | Reached XP level 5. HP: 36/41 MP: 8/8
  1758 | D:3      | Noticed an ice beast
  1786 | D:4      | Noticed Robin
  1793 | D:4      | Noticed an ogre
  1808 | D:4      | Killed an ogre
  1819 | D:4      | Gained mutation: A demonic guardian rushes to your aid.
                  | [demonic ancestry]
  1819 | D:4      | Reached XP level 6. HP: 19/47 MP: 9/9
  1832 | D:4      | Killed Robin
  1983 | D:4      | Found Gig Anna's Weapon Emporium.
  2064 | D:4      | Found a glowing drain.
  2092 | Sewer    | Entered a sewer
  2097 | Sewer    | Learned a level 3 spell: Hailstorm
  2102 | Sewer    | Learned a level 4 spell: Sticky Flame
  2152 | Sewer    | Noticed Pargi
  2191 | Sewer    | Killed Pargi
  2735 | D:4      | Found a shadowy altar of Dithmenos.
  2893 | D:3      | Killed an ice beast
  2894 | D:3      | Gained mutation: You have a pair of small horns on your
                  | head. [demonic ancestry]
  2894 | D:3      | Reached XP level 7. HP: 51/54 MP: 10/10
  3080 | D:3      | Found a burning altar of Makhleb.
  3126 | D:3      | Found Diypi's Antique Weapon Emporium.
  3172 | D:3      | Found Yrra's Book Shoppe.
  3177 | D:3      | Found Eblot's Weapon Boutique.
  3197 | D:3      | Identified the +2 robe of Qiulibah {Rampage}
  3747 | D:4      | Noticed Natasha
  3846 | D:4      | Reached skill level 1 in Staves
  4012 | D:4      | Killed Natasha
  4053 | D:4      | Noticed Natasha
  4059 | D:4      | Killed Natasha
  4396 | D:4      | Noticed Natasha
  4402 | D:4      | Killed Natasha
  4413 | D:5      | Entered Level 5 of the Dungeon
  4751 | D:5      | Reached XP level 8. HP: 52/61 MP: 11/11
  4798 | D:5      | Reached skill level 5 in Fighting
  4924 | D:5      | Found a staircase to the Ecumenical Temple.
  4931 | D:5      | Identified the amulet "Vihibel" {Spirit Drain rElec rC+
                  | Str+3}
  4938 | Temple   | Entered the Ecumenical Temple
  4938 | Temple   | Found a transporter.
  4938 | Temple   | Found a transporter.
  4940 | Temple   | Found a transporter.
  4940 | Temple   | Found a transporter.
  4962 | Temple   | Became a worshipper of Ashenzari the Shackled
  5015 | D:5      | Noticed Eustachio
  5267 | D:5      | Killed Eustachio
  5437 | D:5      | Reached skill level 5 in Dodging
  5437 | D:5      | Reached skill level 5 in Hexes
  5585 | D:5      | Found a runed translucent door.
  5586 | D:5      | Noticed Crazy Yiuf
  5716 | D:5      | Noticed Menkaure
  5729 | D:5      | Killed Menkaure
  5802 | D:5      | Killed Crazy Yiuf
  6105 | D:6      | Noticed Maggie
  6118 | D:6      | Noticed Pikel
  6128 | D:6      | Paralysed by Pikel for 4 turns
  6133 | D:6      | Killed Pikel
  6134 | D:6      | Reached skill level 1 in Necromancy
  6134 | D:6      | Reached skill level 1 in Transmutations
  6134 | D:6      | Reached skill level 1 in Poison Magic
  6134 | D:6      | Reached XP level 9. HP: 25/69 MP: 12/12
  6145 | D:6      | Learned a level 3 spell: Kindle Blastsparks
  6327 | D:6      | Found a sparkling altar of Nemelex Xobeh.
  6443 | D:6      | Found Qaeqes's Self-Improvement Boutique.
  6457 | D:6      | Noticed Sigmund
  6467 | D:6      | Killed Sigmund
  6570 | D:6      | Killed Maggie
  7341 | D:7      | Reached * piety under Ashenzari
  7342 | D:7      | Reached skill level 5 in Necromancy
  7342 | D:7      | Gained mutation: You have a pair of horns on your head.
                  | [demonic ancestry]
  7342 | D:7      | Reached XP level 10. HP: 69/77 MP: 13/13
  7436 | D:7      | Found a sand-covered staircase.
  7441 | Ossuary  | Entered an ossuary
  8416 | D:7      | Reached ** piety under Ashenzari
  8447 | D:7      | Reached skill level 5 in Transmutations
  8572 | D:8      | Found a sacrificial altar of Ru.
  8685 | D:8      | Found Wehewir's General Store.
  8856 | D:8      | Gained mutation: Your touch may inflict minor irresistible
                  | damage on your foes. [demonic ancestry]
  8856 | D:8      | Reached XP level 11. HP: 35/83 MP: 14/14
  9008 | D:8      | Identified the +1 pair of boots "Qerul" {Slay+2}
  9338 | D:9      | Reached skill level 1 in Fire Magic
  9340 | D:9      | Reached skill level 1 in Earth Magic
  9688 | D:9      | Found Zin's Purification Station.
  9814 | D:9      | Found Orext's Armour Shop.
 10072 | D:10     | Entered Level 10 of the Dungeon
 10602 | D:10     | Found a viscous altar of Jiyva.
 10661 | D:10     | Noticed Maurice
 10683 | D:10     | Killed Maurice
 10689 | D:10     | Identified the cursed +2 cloak "Unveiling Portent" {rPois,
                  | Alch, Comp} (You took it off Crazy Yiuf on level 5 of the
                  | Dungeon)
 10689 | D:10     | Identified the cursed +2 pair of gloves of Ashenzari's Moon
                  | {Elem, Bglg} (You found it on level 1 of the Dungeon)
 10726 | D:10     | Noticed a death yak
 10754 | D:9      | Killed a death yak
 11163 | D:10     | Found a staircase to the Lair.
 11165 | D:10     | Noticed a death yak
 11165 | D:10     | Noticed a death yak
 11199 | D:9      | Killed a death yak
 11493 | D:10     | Killed a death yak
 12122 | Lair:1   | Entered Level 1 of the Lair of Beasts
 12786 | Lair:2   | Noticed a four-headed hydra
 13123 | Lair:2   | Gained mutation: A powerful demonic guardian rushes to your
                  | aid. [demonic ancestry]
 13123 | Lair:2   | Reached XP level 12. HP: 81/91 MP: 15/15
 13218 | Lair:2   | Killed a four-headed hydra
 13280 | Lair:2   | Found a staircase to the Swamp.
 14118 | Lair:3   | Identified the +1 robe of Xufiol {rC+ rCorr}
 14215 | Lair:3   | Found a hole to the Spider Nest.
 14258 | Lair:3   | HP: 4/81 [fire crab (2)]
 14258 | Lair:3   | Mangled by a fire crab

Illustrated notes

Levels and vault maps discovered:
D:1:      saegor_arrival_simple_a, layout_basic,
          corexii_item_surrounded_by_moat, nicolae_wormholes
D:2:      layout_rooms
D:3:      minmay_chambers_of_threes, layout_rooms, mainiacjoe_overflow_catwalk,
          serial_shops, shop, nicolae_shop_advertising_works
          [nicolae_subvault_shop_adworks], nicolae_shop_waterfront,
          minmay_fractal_squares_5
D:4:      layout_loops_cross, mainiacjoe_overflow_alcove_4, serial_shops,
          nicolae_inconvenience_store, portal_sewer_entry_a, glass_columns_a,
          minmay_misc_feat_secret_circle, uniq_robin, uniq_natasha
D:5:      kennysheep_big_flooded_room, layout_rooms,
          minmay_temple_entry_gardened_gates, minivault_25, uniq_menkaure,
          uniq_eustachio, uniq_crazy_yiuf_cottage
D:6:      layout_cave_pods, nemelex_dance_club_becter, kennysheep_donut,
          nicolae_shop_self_help, uniq_pikel, uniq_sigmund, uniq_maggie
D:7:      layout_loops_corners, nicolae_ossuary_entry_false_entrances,
          amethyst_killhole
D:8:      layout_rooms, mainiacjoe_overflow_alcove_1, serial_shops, shop,
          serial_rivers, chequers_serial_rivers_large_a,
          chequers_serial_rivers_micro_d, chequers_serial_rivers_micro_d,
          chequers_serial_rivers_small_b, chequers_serial_rivers_micro_c,
          minmay_misc_feat_encased, st_stairs_9
D:9:      layout_irregular_city, zin_purify, serial_shops, shop
D:10:     layout_loops_ring, dpeg_lair_monsters, jiyva_altar_1, uniq_maurice
D:11:     layout_cave_pods, serial_shops, shop, minmay_misc_feat_alley,
          serial_bayou_pond_b, lightli_elemental_guards
Temple:   hellmonk_temple_divided_pantheon
Lair:1:   layout_hall_layers
Lair:2:   layout_regular_city, swamp_mist_pool, infiniplex_staircase_pool_2
Lair:3:   layout_long_grid, nicolae_spider_entry_lesser_pyramids, basic_altar

Skill      XL: |  1  2  3  4  5  6  7  8  9 10 11 12 |
---------------+-------------------------------------+-----
Dodging        | 2 3 4 5 7 8 |  8.4
Polearms       | 3 4 |  4.5
Hexes          | 1 2 3 4 5 6 |  6.7
Fighting       | 3 4 6 7 |  7.8
Staves         | 1 3 6 7 8 |  8.3
Necromancy     | 1 5 6 7 |  7.7
Transmutations | 1 4 5 6 |  6.3
Poison Magic   | 1 2 3 |  3.9
Air Magic      | 4 |  4.1
Fire Magic     | 2 3 |  3.5
Earth Magic    | 2 3 |  3.7
Spellcasting   | 3 |  3.3
Conjurations   | |  3.0

Action                     |  1- 3 |  4- 6 |  7- 9 | 10-12 || total
---------------------------+-------+-------+-------+-------++-------
  Melee: Spear             |    49 |       |       |       ||    49
         Punch             |     1 |       |       |       ||     1
         Rapier            |    82 |   155 |   185 |       ||   422
         Tailslap          |     9 |    10 |    39 |    78 ||   136
         Headbutt          |       |       |    51 |   119 ||   170
         Morningstar       |       |       |    79 |   449 ||   528
         Unarmed           |       |       |       |     6 ||     6
  Throw: Dart              |       |       |    17 |    37 ||    54
   Cast: Kiss of Death     |     1 |     1 |       |       ||     2
 Invoke: Curse Item        |       |       |     2 |     1 ||     3
  Evoke: Wand              |       |       |     4 |     1 ||     5
    Use: Scroll            |     4 |     2 |     8 |     2 ||    16
         Potion            |       |     6 |     2 |     3 ||    11
   Stab: Sleeping          |     1 |       |     2 |       ||     3
         Distracted        |       |       |     1 |       ||     1
 Armour: Leather armour    |    39 |    30 |     3 |       ||    72
         Skin              |       |    98 |       |     4 ||   102
         Robe              |       |       |    45 |       ||    45
         Swamp dragon scal |       |       |    20 |   222 ||   242
  Dodge: Dodged            |    76 |    60 |   126 |   282 ||   544
  Block: Buckler           |    27 |    89 |   106 |   232 ||   454
         Reflection        |       |     1 |     2 |     1 ||     4

Table legend: (Time is in decaauts)
 A = Elapsed time spent in this place.
 B = Non-inter-level travel time spent in this place.
 C = Inter-level travel time spent in this place.
 D = Time resting spent in this place.
 E = Time spent auto-exploring this place.
 F = Levels seen in this place.
 G = Mean time per level.
                   A        B        C        D        E       F      G
               +--------+--------+--------+--------+--------+-----+--------+
         Total |  14611 |  13400 |   1211 |   2297 |   7105 |  17 |  859.5 |
       Dungeon |  11633 |  10472 |   1161 |   1867 |   5739 |  11 | 1057.5 |
        Temple |    213 |    213 |      0 |    167 |      0 |   1 |  213.0 |
          Lair |   2173 |   2123 |     50 |    173 |   1292 |   3 |  724.3 |
         Sewer |    215 |    215 |      0 |      6 |     20 |   1 |  215.0 |
       Ossuary |    375 |    375 |      0 |     84 |     53 |   1 |  375.0 |
               +--------+--------+--------+--------+--------+-----+--------+

Top non-repeatable levels by time:
     D:4: 2121 daAuts
     D:6: 1454 daAuts
    D:10: 1370 daAuts
     D:9: 1221 daAuts
  Lair:2: 1111 daAuts
     D:5: 1042 daAuts
     D:3: 1029 daAuts
     D:7: 996 daAuts
     D:1: 948 daAuts
  Lair:1: 860 daAuts
     D:8: 804 daAuts
     D:2: 589 daAuts
 Ossuary: 375 daAuts
   Sewer: 215 daAuts
  Temple: 213 daAuts
